 Dungeon Crawl Stone Soup version 0.21.1-1-g345015fe64 (webtiles) character file.

3292 ErikD the Basher (level 10, -13/83 (84) HPs)
             Began as a Hill Orc Fighter on Mar 4, 2018.
             Was a Believer of Wu Jian.
             Killed from afar by deszczowiec's ghost (19 damage)
             ... with a puff of frost
             ... on level 8 of the Dungeon on Mar 5, 2018.
             The game lasted 00:33:36 (8508 turns).

ErikD the Basher (Hill Orc Fighter)                 Turns: 8508, Time: 00:33:37

HP:   -13/83 (84)   AC: 14    Str: 20    XL:     10   Next: 1%
MP:   10/10         EV: 10    Int:  8    God:    Wu Jian [**....]
Gold: 372           SH: 17    Dex: 13    Spells: 9/9 levels left

rFire    + . .     SeeInvis .   a - +0 flail
rCold    x . .     Gourm    .   c - +0 shield
rNeg     + . .     Faith    .   b - +0 scale mail
rPois    .         Spirit   .   E - +0 helmet
rElec    .         Reflect  +   s - +2 cloak {+Inv}
rCorr    .         Harm     .   m - +1 pair of gloves
MR       .....                  (no boots)
Stlth    ..........             y - +6 amulet of reflection
HPRegen  0.23/turn              x - ring of positive energy
MPRegen  0.12/turn              A - ring of fire

@: flying
A: no striking features
a: Wall Jump, Renounce Religion, Evoke Invisibility


You were on level 8 of the Dungeon.
You worshipped Wu Jian.
Wu Jian was pleased with you.
You were hungry.

You visited 1 branch of the dungeon, and saw 8 of its levels.

You collected 447 gold pieces.
You spent 75 gold pieces at shops.

Inventory:

Hand Weapons
 a - a +0 flail (weapon)
 r - a +2 quarterstaff of chaos
 C - a +0 mace of crushing
 Q - a +3 hand axe of freezing
Missiles
 k - 228 stones (quivered)
 F - 10 tomahawks
Armour
 b - a +0 scale mail (worn)
 c - a +0 shield (worn)
 m - a +1 pair of gloves (worn)
 s - a +2 cloak of invisibility (worn)
 D - a +1 pair of gloves
 E - a +0 helmet (worn)
Jewellery
 g - an uncursed ring of protection from cold
 x - a ring of positive energy (left hand)
 y - a +6 amulet of reflection (around neck)
 A - a ring of fire (right hand)
 J - a +3 ring of evasion {unknown}
 N - a cursed ring of teleportation {unknown}
 P - an uncursed ring of ice {unknown}
Wands
 L - a wand of clouds (5)
Scrolls
 e - 5 scrolls of remove curse {unknown}
 h - a scroll of enchant weapon {unknown}
 j - 3 scrolls of identify
 o - 2 scrolls of teleportation {unknown}
 q - 3 scrolls of immolation {unknown}
 t - 3 scrolls of magic mapping {unknown}
 z - a scroll of fog {unknown}
 G - a scroll of fear {unknown}
 I - a scroll of amnesia {unknown}
Potions
 d - a potion of brilliance
 i - a potion of flight
 l - 3 potions of heal wounds
 n - 2 potions of degeneration {unknown}
 p - 2 potions of curing {unknown}
 u - a potion of magic {unknown}
 v - a potion of ambrosia {unknown}
 w - a potion of resistance {unknown}
 B - a potion of lignification {unknown}
 O - a potion of cancellation {unknown}
Miscellaneous
 M - a crystal ball of energy
Comestibles
 f - 22 rations


   Skills:
 + Level 6.8 Fighting
 + Level 9.2 Maces & Flails
 + Level 0.1 Throwing
 + Level 6.5 Armour
 + Level 3.0 Dodging
 + Level 0.5 Stealth
 + Level 8.8 Shields
 + Level 0.4 Evocations


You had 9 spell levels left.
You didn't know any spells.

Dungeon Overview and Level Annotations

Branches:
Dungeon (8/15)             Temple (0/1) D:4
   Lair: D:8-11

Altars:
Dithmenos
Gozag
Ru
Wu Jian

Shops:
D:8 !

Annotations:
D:8 deszczowiec's ghost, novice DrIE


Message History

You block deszczowiec's ghost's attack.
It was a potion of flight.
You feel very buoyant.
You fly up into the air.
You block deszczowiec's ghost's attack.
Your shield prevents you from hitting deszczowiec's ghost.
Deszczowiec's ghost casts a spell at you.
You are frozen.
You barely miss deszczowiec's ghost.
Deszczowiec's ghost points at you and mumbles some strange words.
The puff of frost hits you!
You feel a terrible chill!
You closely miss deszczowiec's ghost.
Deszczowiec's ghost points at you and mumbles some strange words.
You are frozen.
* * * LOW HITPOINT WARNING * * *
You sock deszczowiec's ghost!
Deszczowiec's ghost is lightly damaged.
Deszczowiec's ghost mumbles some strange words.
Deszczowiec's ghost points at you and mumbles some strange words.
The puff of frost hits you!
You feel a terrible chill!
You die...

### # ...#### ## #.....##
##### ###. #.....######..@####
###.#. #...<)##..Y..#...####
###..##.
#.......##..W####...###..####.
..#........#...## ###.....##
#. .................# ###..##
#. ........#........# #..## #.
.......##........# #...# ##
......# ##.......# ##..# #
#....# ##......# #.># #


You could see an ice beast and deszczowiec's ghost.

Vanquished Creatures
  A two-headed ogre (D:8)
  The ghost of Ikesh the Skirmisher, an amateur FoAK of Lugonu (D:4)
  2 yaks (D:7)
  2 hogs (D:7)
  A human (D:7)
  2 sky beasts
  A necrophage (D:7)
  2 ogres
  A centaur (D:5)
  A bullfrog (D:7)
  A scorpion (D:4)
  3 wights (D:7)
  2 howler monkeys
  A bullfrog zombie (D:7)
  A gnoll shaman (D:5)
  A bullfrog skeleton (D:6)
  2 jellies
  Crazy Yiuf (D:2)
  2 centaur skeletons
  3 orc wizards (D:4)
  2 iguanas
  Natasha (thrice) (D:2)
  8 worker ants
  2 worker ant zombies (D:5)
  4 gnolls
  15 adders
  An ooze (D:2)
  3 worms
  3 dart slugs
  6 leopard geckos
  15 orcs
  A giant cockroach (D:1)
  6 hobgoblins
  11 jackals
  3 quokkas
  8 bats
  6 frilled lizards
  4 goblins
  5 kobolds
  4 rats
141 creatures vanquished.

Notes
Turn   | Place    | Note
-------+----------+-------------------------------------------
     0 | D:1      | ErikD the Hill Orc Fighter began the quest for the Orb.
     0 | D:1      | Reached XP level 1. HP: 19/19 MP: 1/1
   231 | D:1      | Reached XP level 2. HP: 26/27 MP: 2/2
   406 | D:1      | Reached XP level 3. HP: 33/33 MP: 3/3
   724 | D:2      | Noticed Natasha
  1288 | D:2      | Reached XP level 4. HP: 37/41 MP: 4/4
  1314 | D:2      | Killed Natasha
  1568 | D:2      | Noticed Natasha
  1577 | D:2      | Killed Natasha
  1612 | D:2      | Reached skill level 3 in Maces & Flails
  1612 | D:2      | Reached XP level 5. HP: 41/47 MP: 5/5
  1651 | D:2      | Noticed Natasha
  1677 | D:2      | Killed Natasha
  2066 | D:2      | Found a runed door.
  2070 | D:2      | Noticed Crazy Yiuf
  2074 | D:2      | Killed Crazy Yiuf
  2074 | D:2      | Reached skill level 5 in Shields
  2377 | D:2      | Found a sacrificial altar of Ru.
  2614 | D:3      | Reached XP level 6. HP: 49/53 MP: 6/6
  3259 | D:4      | Noticed Ikesh's ghost (amateur FoAK)
  3282 | D:3      | Reached skill level 4 in Maces & Flails
  3329 | D:4      | Found an ornate altar of the Wu Jian Council.
  3337 | D:4      | Became a worshipper of the Wu Jian Council
  3465 | D:4      | Killed Ikesh's ghost
  3465 | D:4      | Reached skill level 1 in Dodging
  3465 | D:4      | Reached XP level 7. HP: 45/60 MP: 7/7
  3582 | D:4      | Found an opulent altar of Gozag.
  3626 | D:4      | Reached skill level 5 in Maces & Flails
  3740 | D:4      | Reached skill level 5 in Fighting
  4205 | D:4      | Found a staircase to the Ecumenical Temple.
  4388 | D:5      | Entered Level 5 of the Dungeon
  4643 | D:5      | Reached XP level 8. HP: 65/68 MP: 8/8
  4694 | D:5      | Reached skill level 6 in Maces & Flails
  4767 | D:5      | Found a shadowy altar of Dithmenos.
  4801 | D:5      | Reached * piety under Wu Jian
  5073 | D:5      | Reached skill level 5 in Armour
  5802 | D:6      | Reached skill level 7 in Maces & Flails
  6315 | D:7      | Reached XP level 9. HP: 59/75 MP: 9/9
  6459 | D:7      | Reached skill level 8 in Maces & Flails
  6607 | D:7      | Reached ** piety under Wu Jian
  7485 | D:8      | Noticed a two-headed ogre
  7565 | D:8      | Found Taruy's Distillery.
  7582 | D:8      | HP: 3/77 [two-headed ogre/giant club (6)]
  7953 | D:8      | Killed a two-headed ogre
  7953 | D:8      | Reached skill level 9 in Maces & Flails
  7953 | D:8      | Reached XP level 10. HP: 8/83 MP: 10/10
  8393 | D:8      | Bought a potion of heal wounds for 75 gold pieces
  8489 | D:8      | Noticed deszczowiec's ghost (novice DrIE)
  8508 | D:8      | Killed from afar by deszczowiec's ghost

Skill      XL: |  1  2  3  4  5  6  7  8  9 |
---------------+----------------------------+-----
Fighting       | 4 5 6 |  6.8
Shields        | 4 5 6 7 8 |  8.8
Maces & Flails | 3 4 5 7 9 |  9.2
Armour         | 4 5 6 |  6.5
Dodging        | 1 2 3 |  3.0
Throwing       | |  0.1
Stealth        | |  0.5
Evocations     | |  0.4

Action                   |  1- 3 |  4- 6 |  7- 9 | 10-12 || total
-------------------------+-------+-------+-------+-------++-------
Melee: Flail             |   104 |   248 |   446 |    13 ||   811
Throw: Stone             |       |       |     4 |       ||     4
Invok: Lunge             |       |       |    19 |       ||    19
       Whirlwind         |       |       |     5 |       ||     5
       Wall Jump         |       |       |     9 |     1 ||    10
 Abil: Evoke Invisibilit |       |     1 |     1 |       ||     2
       Wall Jump         |       |       |     2 |       ||     2
  Use: Potion            |       |     2 |     1 |     1 ||     4
       Scroll            |       |       |     4 |       ||     4
  Eat: Chunk             |       |     6 |    13 |       ||    19
       Ration            |       |     1 |     1 |       ||     2
Armor: Scale mail        |    60 |   105 |   115 |     1 ||   281
Dodge: Dodged            |    37 |    68 |    89 |     1 ||   195
Block: Shield            |    77 |   125 |   290 |     5 ||   497
       Reflection        |       |       |     4 |       ||     4
